 Dungeon Crawl Stone Soup version 0.21-a0-344-g2144152 (webtiles) character file.

912 tidbits the Charmwright (level 8, -9/63 HPs)
             Began as a Gnoll Skald on Oct 4, 2017.
             Mangled by a gnoll
             ... wielding a +0 spear
              (10 damage)
             ... on level 6 of the Dungeon.
             The game lasted 00:08:10 (1190 turns).

tidbits the Charmwright (Gnoll Skald)               Turns: 1190, Time: 00:08:11

Health: -9/63      AC:  3    Str: 11 (14) XL:     8   Next: 9%
Magic:  11/16      EV: 14    Int: 20 (22) God:
Gold:   82         SH:  0    Dex: 12 (15) Spells: 7/18 levels left

rFire    . . .     SeeInvis .   a - +0 hand axe
rCold    . . .     Gourm    .   (no shield)
rNeg     . . .     Faith    .   b - +0 leather armour
rPois    .         Spirit   .   (no helmet)
rElec    .         Reflect  .   (no cloak)
rCorr    .         Harm     .   (no gloves)
MR       .....                  (no boots)
Stlth    ++........             (no amulet)
HPRegen  0.20/turn              (no ring)
MPRegen  0.15/turn              (no ring)

@: brilliant, hasted, very quick
A: distributed training, fangs 1, strong nose
a: no special abilities


You were on level 6 of the Dungeon.
You were not hungry.

You visited 1 branch of the dungeon, and saw 6 of its levels.

You collected 129 gold pieces.
You spent 47 gold pieces at shops.

Inventory:

Hand Weapons
 a - a +0 hand axe (weapon)
 l - a +2 quarterstaff of protection
   (You found it on level 3 of the Dungeon)
 s - a +0 scythe
Missiles
 g - 8 tomahawks (quivered)
 u - 21 arrows
Armour
 b - a +0 leather armour (worn)
Jewellery
 B - an uncursed ring of fire
   (You found it on level 5 of the Dungeon)
Wands
 j - a wand of confusion (3/48)
 q - a wand of polymorph (11/24)
Scrolls
 e - a scroll of identify {unknown}
 f - 2 scrolls of teleportation {unknown}
 h - a scroll of fog {unknown}
 m - a scroll of enchant armour {unknown}
 n - a scroll of remove curse {unknown}
 w - a scroll of fear {unknown}
 y - a scroll of blinking {unknown}
 z - a scroll of amnesia {unknown}
 C - 2 scrolls of magic mapping {unknown}
Potions
 o - a potion of degeneration
 p - a potion of magic {unknown}
 r - a potion of curing {unknown}
 A - a potion of haste
Books
 c - a book of Battle

   Spells                             Type                      Level
   a - Infusion                       Charms                       1
   b - Shroud of Golubria             Charms/Translocation         2
   c - Song of Slaying                Charms                       2
   d - Spectral Weapon                Hexes/Charms                 3
   e - Regeneration                   Charms/Necromancy            3
Comestibles
 d - 4 bread rations
 i - 2 royal jellies
 t - 4 fruits
 v - 2 meat rations
 x - 3 chunks of flesh


   Skills:
 + Level 5.4 Fighting
 + Level 2.9 Short Blades
 + Level 2.9 Long Blades
 + Level 5.4 Axes
 + Level 2.9 Maces & Flails
 + Level 2.9 Polearms
 + Level 2.9 Staves
 + Level 2.9 Slings
 + Level 2.9 Bows
 + Level 2.9 Crossbows
 + Level 2.9 Throwing
 + Level 3.9 Armour
 + Level 5.4 Dodging
 + Level 2.9 Stealth
 + Level 2.9 Shields
 + Level 2.9 Unarmed Combat
 + Level 5.8 Spellcasting
 + Level 2.9 Conjurations
 + Level 2.9 Hexes
 + Level 7.2 Charms
 + Level 2.9 Summonings
 + Level 2.9 Necromancy
 + Level 2.9 Translocations
 + Level 2.9 Transmutations
 + Level 2.9 Fire Magic
 + Level 2.9 Ice Magic
 + Level 2.9 Air Magic
 + Level 2.9 Earth Magic
 + Level 2.9 Poison Magic
 + Level 2.9 Invocations
 + Level 2.9 Evocations


You had 7 spell levels left.
You knew the following spells:

 Your Spells              Type           Power        Failure   Level  Hunger
g - Shroud of Golubria    Chrm/Tloc      #####.....   1%          2    None
i - Infusion              Chrm           ####         1%          1    None
r - Regeneration          Chrm/Necr      #####.....   1%          3    ##.....
s - Song of Slaying       Chrm           #####...     1%          2    None
w - Spectral Weapon       Hex/Chrm       #####...     1%          3    ##.....


Dungeon Overview and Level Annotations

Branches:
Dungeon (6/15)
 Temple: D:4-7

Altars:
Dithmenos
Okawaru
Qazlal
Zin
The Shining One

Shops:
D:4 *


Innate Abilities, Weirdness & Mutations

Your experience applies equally to all skills.
You have very sharp teeth.
Your uncanny sense of smell can sniff out nearby items.


Message History

You are no longer poisoned.
You barely miss the worker ant zombie.
The worker ant zombie barely misses you.
You hit the worker ant zombie but do no damage.
Your spectral weapon barely misses the worker ant zombie.
The worker ant zombie closely misses you.
You hit the worker ant zombie.
The worker ant zombie is lightly damaged.
Your spectral weapon hits the worker ant zombie.
The worker ant zombie misses you.
You slash the worker ant zombie!
The worker ant zombie is heavily damaged.
Your spectral weapon closely misses the worker ant zombie.
The worker ant zombie closely misses you.
You hit the worker ant zombie but do no damage.
You bite the worker ant zombie, but do no damage.
The worker ant zombie is heavily damaged.
Your spectral weapon hits the worker ant zombie.
The worker ant zombie closely misses you.
You barely miss the worker ant zombie.
The worker ant zombie is severely damaged.
Your spectral weapon barely misses the worker ant zombie.
The worker ant zombie barely misses you.
You slash the worker ant zombie!
You destroy the worker ant zombie!
No target in view!
Found a stone staircase leading down.
Your spectral weapon fades away.
There is a stone staircase leading down here.
You climb downwards. 3 gnolls and a gnoll shaman come into view.
The gnoll shouts! x2; The gnoll shaman shouts!
The gnoll shouts!
Found a flail and a silvery potion.
There is a stone staircase leading up here.
Casting: Spectral Weapon
Confirm with . or Enter, or press ? or * to list all spells.
You draw out your weapon's spirit!
The gnoll misses you.
You hit the gnoll but do no damage. The gnoll hits you with a club!
* * * LOW HITPOINT WARNING * * *
The gnoll closely misses you.
You hit the gnoll.
The gnoll is lightly wounded.
You hit the gnoll but do no damage.
Your spectral weapon hits the gnoll.
Your spectral weapon barely misses the gnoll shaman.
Your spectral weapon hits the gnoll but does no damage.
The gnoll misses you.
The gnoll shaman barely misses your spectral weapon.
You hit the gnoll.
The gnoll is almost dead.
You closely miss the gnoll.
Your spectral weapon hits the gnoll.
You kill the gnoll!
Your spectral weapon hits the gnoll but does no damage.
Your spectral weapon barely misses the gnoll shaman.
Your spectral weapon hits the gnoll.
The gnoll hits you with a club.
* * * LOW HITPOINT WARNING * * *
The gnoll shaman calls upon its god to speed up the gnoll.
The gnoll seems to speed up.
The gnoll hits you from afar with a spear.
* * * LOW HITPOINT WARNING * * *
You swap places.
The gnoll hits you but does no damage. The gnoll hits you with a spear.
* * * LOW HITPOINT WARNING * * *
The gnoll shaman misses you.
Found 11 gold pieces.
Unknown command.
You closely miss the gnoll.
You hit the gnoll shaman but do no damage.
You hit the gnoll.
Your spectral weapon closely misses the gnoll.
The gnoll hits you with a spear.
* * * LOW HITPOINT WARNING * * *
The gnoll hits you with a club.
* * * LOW HITPOINT WARNING * * *
The gnoll misses you. The gnoll shaman completely misses you.
You closely miss the gnoll shaman. You punch the gnoll shaman.
The gnoll shaman is moderately wounded.
You closely miss the gnoll.
Your leather armour prevents you from hitting the gnoll.
The gnoll hits you with a club.
* * * LOW HITPOINT WARNING * * *
The gnoll barely misses you.
Your spectral weapon hits the gnoll shaman.
Your spectral weapon hits the gnoll.
It was a potion of degeneration.
There was something very wrong with that liquid.
You feel weakened.
You feel dopey.
You feel clumsy. The gnoll misses you.
The gnoll shaman calls upon its god to heal the gnoll.
The gnoll is healed somewhat.
The gnoll hits you with a club.
* * * LOW HITPOINT WARNING * * *
The gnoll hits you but does no damage.
Okay, then.
It was a potion of haste.
You feel yourself speed up. The gnoll shaman hits you with a club.
* * * LOW HITPOINT WARNING * * *
The gnoll misses you. The gnoll barely misses you.
It was a potion of brilliance.
You feel clever all of a sudden. The gnoll hits you with a spear!
You die...

.# . ######
.∆# #....#
$#.#
#....##.#.
#........
#..g(.#.#
#..g@)#!#
#..)g...#
#....<###
#..........#
#####.######
###


You could see a gnoll shaman, 2 gnolls and a friendly spectral hand axe.

Vanquished Creatures
  Grinder (D:4)
  Sigmund (D:2)
  An ogre (D:3)
  A phantom (D:5)
  A scorpion (D:4)
  A crimson imp (D:5)
  A hound (D:5)
  Natasha (twice) (D:2)
  Terence (D:2)
  2 worker ants (D:5)
  Ijyb (D:3)
  A worker ant zombie (D:5)
  4 gnolls
  4 adders
  A shadow imp (D:5)
  An ooze (D:1)
  An adder skeleton (D:5)
  A dart slug (D:2)
  3 leopard geckos
  2 ball pythons
  5 giant cockroaches
  4 goblins
  4 hobgoblins
  6 jackals
  5 kobolds
  A quokka (D:5)
  2 bats (D:3)
  A frilled lizard (D:2)
  A giant cockroach zombie (D:5)
  A leopard gecko skeleton (D:4)
  5 rats
66 creatures vanquished.

Notes
Turn   | Place    | Note
-------+----------+-------------------------------------------
     0 | D:1      | tidbits the Gnoll Skald began the quest for the Orb.
     0 | D:1      | Reached XP level 1. HP: 20/20 MP: 6/6
   133 | D:1      | Reached XP level 2. HP: 16/26 MP: 3/7
   137 | D:1      | Learned a level 2 spell: Song of Slaying
   140 | D:1      | Learned a level 2 spell: Shroud of Golubria
   201 | D:3      | Found an iron altar of Okawaru.
   220 | D:3      | Noticed Ijyb
   228 | D:3      | Noticed an ogre
   241 | D:3      | Killed Ijyb
   241 | D:3      | Reached skill level 5 in Spellcasting
   241 | D:3      | Reached XP level 3. HP: 13/31 MP: 0/9
   250 | D:3      | HP: 1/31 [ogre/giant club (13)]
   270 | D:2      | Learned a level 3 spell: Regeneration
   274 | D:2      | Learned a level 3 spell: Spectral Weapon
   280 | D:2      | Noticed Natasha
   290 | D:2      | Killed Natasha
   290 | D:2      | Reached skill level 1 in Short Blades
   290 | D:2      | Reached skill level 1 in Long Blades
   290 | D:2      | Reached skill level 1 in Maces & Flails
   290 | D:2      | Reached skill level 1 in Polearms
   290 | D:2      | Reached skill level 1 in Staves
   290 | D:2      | Reached skill level 1 in Slings
   290 | D:2      | Reached skill level 1 in Bows
   290 | D:2      | Reached skill level 1 in Crossbows
   290 | D:2      | Reached skill level 1 in Throwing
   290 | D:2      | Reached skill level 1 in Stealth
   290 | D:2      | Reached skill level 1 in Shields
   290 | D:2      | Reached skill level 1 in Unarmed Combat
   290 | D:2      | Reached skill level 1 in Conjurations
   290 | D:2      | Reached skill level 1 in Hexes
   290 | D:2      | Reached skill level 1 in Summonings
   290 | D:2      | Reached skill level 1 in Necromancy
   290 | D:2      | Reached skill level 1 in Translocations
   290 | D:2      | Reached skill level 1 in Transmutations
   290 | D:2      | Reached skill level 1 in Fire Magic
   290 | D:2      | Reached skill level 1 in Ice Magic
   290 | D:2      | Reached skill level 1 in Air Magic
   290 | D:2      | Reached skill level 1 in Earth Magic
   290 | D:2      | Reached skill level 1 in Poison Magic
   290 | D:2      | Reached skill level 1 in Invocations
   290 | D:2      | Reached skill level 1 in Evocations
   290 | D:2      | Reached XP level 4. HP: 16/38 MP: 0/11
   352 | D:2      | Noticed Natasha
   359 | D:2      | Killed Natasha
   431 | D:2      | Found a stormy altar of Qazlal.
   509 | D:3      | Found a shadowy altar of Dithmenos.
   516 | D:3      | Found a glowing silver altar of Zin.
   554 | D:3      | Reached XP level 5. HP: 36/43 MP: 8/12
   591 | D:2      | Noticed Terence
   597 | D:2      | Killed Terence
   637 | D:2      | Noticed Sigmund
   651 | D:2      | Killed Sigmund
   651 | D:2      | Reached skill level 5 in Fighting
   651 | D:2      | Reached skill level 5 in Axes
   651 | D:2      | Reached skill level 3 in Armour
   651 | D:2      | Reached skill level 5 in Dodging
   651 | D:2      | Reached XP level 6. HP: 35/51 MP: 1/14
   745 | D:4      | Reached skill level 2 in Short Blades
   745 | D:4      | Reached skill level 2 in Long Blades
   745 | D:4      | Reached skill level 2 in Maces & Flails
   745 | D:4      | Reached skill level 2 in Polearms
   745 | D:4      | Reached skill level 2 in Staves
   745 | D:4      | Reached skill level 2 in Slings
   745 | D:4      | Reached skill level 2 in Bows
   745 | D:4      | Reached skill level 2 in Crossbows
   745 | D:4      | Reached skill level 2 in Throwing
   745 | D:4      | Reached skill level 2 in Stealth
   745 | D:4      | Reached skill level 2 in Shields
   745 | D:4      | Reached skill level 2 in Unarmed Combat
   745 | D:4      | Reached skill level 2 in Conjurations
   745 | D:4      | Reached skill level 2 in Hexes
   745 | D:4      | Reached skill level 2 in Summonings
   745 | D:4      | Reached skill level 2 in Necromancy
   745 | D:4      | Reached skill level 2 in Translocations
   745 | D:4      | Reached skill level 2 in Transmutations
   745 | D:4      | Reached skill level 2 in Fire Magic
   745 | D:4      | Reached skill level 2 in Ice Magic
   745 | D:4      | Reached skill level 2 in Air Magic
   745 | D:4      | Reached skill level 2 in Earth Magic
   745 | D:4      | Reached skill level 2 in Poison Magic
   745 | D:4      | Reached skill level 2 in Invocations
   745 | D:4      | Reached skill level 2 in Evocations
   772 | D:3      | HP: 5/51 [ogre/giant club (28)]
   777 | D:3      | Reached XP level 7. HP: 7/56 MP: 9/15
   873 | D:4      | Noticed Grinder
   905 | D:4      | Killed Grinder
   905 | D:4      | Reached skill level 7 in Charms
   916 | D:4      | Found Luup's Assorted Antiques.
   945 | D:4      | Bought a scroll labeled ABBIED UGIF for 25 gold pieces
   945 | D:4      | Bought an emerald potion for 22 gold pieces
   982 | D:5      | Entered Level 5 of the Dungeon
  1016 | D:5      | Found a glowing golden altar of the Shining One.
  1161 | D:5      | Reached XP level 8. HP: 35/63 MP: 10/16
  1188 | D:6      | HP: 3/63 [gnoll/club (5)]
  1189 | D:6      | HP: 1/63 [gnoll shaman/club (3)]
  1190 | D:6      | Mangled by a gnoll

Vault maps used:
D:1:      dpeg_cavernosity, minmay_pentomino_q2
D:2:      marbit_many_paths, uniq_sigmund, uniq_terence, uniq_natasha
D:3:      lemuel_crystal_altar, amethyst_overflow_temple_binary,
          okawaru_gym_becter, uniq_ijyb, uniq_crazy_yiuf_cottage
D:4:      first_bread, serial_shops, nicolae_shop_overgrown_old_shop,
          uniq_grinder, uniq_robin
D:5:      kb_xom_exploding_sheep, nicolae_overflow_crystal_walls, basic_altar,
          minmay_holes
D:6:      serial_shops, kennysheep_little_box, shop_fountains, shop_statue,
          dk_vineyard_1

Skill      XL: |  1  2  3  4  5  6  7 |
---------------+----------------------+-----
Spellcasting   | 5 |  5.8
Short Blades   | 1 2 |  2.9
Long Blades    | 1 2 |  2.9
Maces & Flails | 1 2 |  2.9
Polearms       | 1 2 |  2.9
Staves         | 1 2 |  2.9
Slings         | 1 2 |  2.9
Bows           | 1 2 |  2.9
Crossbows      | 1 2 |  2.9
Throwing       | 1 2 |  2.9
Stealth        | 1 2 |  2.9
Shields        | 1 2 |  2.9
Unarmed Combat | 1 2 |  2.9
Conjurations   | 1 2 |  2.9
Hexes          | 1 2 |  2.9
Summonings     | 1 2 |  2.9
Necromancy     | 1 2 |  2.9
Translocations | 1 2 |  2.9
Transmutations | 1 2 |  2.9
Fire Magic     | 1 2 |  2.9
Ice Magic      | 1 2 |  2.9
Air Magic      | 1 2 |  2.9
Earth Magic    | 1 2 |  2.9
Poison Magic   | 1 2 |  2.9
Invocations    | 1 2 |  2.9
Evocations     | 1 2 |  2.9
Fighting       | 5 |  5.4
Axes           | 5 |  5.4
Armour         | 3 |  3.9
Dodging        | 5 |  5.4
Charms         | 7 |  7.2

Action                   |  1- 3 |  4- 6 |  7- 9 || total
-------------------------+-------+-------+-------++-------
Melee: Hand axe          |    37 |    60 |    79 ||   176
       Bite              |     3 |    10 |     7 ||    20
       Punch             |       |     1 |     3 ||     4
 Cast: Infusion          |     7 |     2 |       ||     9
       Regeneration      |     1 |     2 |     7 ||    10
       Spectral Weapon   |       |     6 |     8 ||    14
Evoke: Wand              |     4 |       |     3 ||     7
  Use: Potion            |       |       |     3 ||     3
 Stab: Sleeping          |       |     1 |     1 ||     2
  Eat: Chunk             |       |       |     3 ||     3
Armor: Leather armour    |     4 |     8 |     6 ||    18
Dodge: Dodged            |    17 |    35 |    70 ||   122

Table legend:
 A = Spawn XP
 B = Non-spawn XP
 C = Spawn XP percentage of total XP
 D = Spawn monster count
 E = Non-spawn monster count
 F = Spawn count percentage of total count
 G = Total turns spent on level
                    A         B        C        D         E        F      G
               +---------+---------+-------+---------+---------+-------+---------
         Total |       0 |    1303 |   0.0 |       0 |      66 |   0.0 |  1190
               +---------+---------+-------+---------+---------+-------+---------
           D:1 |       0 |      13 |   0.0 |       0 |       5 |   0.0 |   159
           D:2 |       0 |     365 |   0.0 |       0 |      16 |   0.0 |   337
           D:3 |       0 |     211 |   0.0 |       0 |      21 |   0.0 |   332
           D:4 |       0 |     362 |   0.0 |       0 |       8 |   0.0 |   158
           D:5 |       0 |     338 |   0.0 |       0 |      15 |   0.0 |   193
           D:6 |       0 |      14 |   0.0 |       0 |       1 |   0.0 |    11
               +---------+---------+-------+---------+---------+-------+---------

Table legend:
 A = Turns spent in this place as a percentage of turns spent in the entire game.
 B = Non-inter-level travel turns spent in this place as a percentage of non-inter-level travel turns spent in the entire game.
 C = Inter-level travel turns spent in this place as a percentage of turns spent in this place.
 D = Turns resting spent in this place as a percentage of non-inter-level travel turns spent in this place.
 E = Turns spent auto-exploring this place as a percentage of non-inter-level travel turns spent in this place.
 F = Non-inter-level travel turns spent in this place divided by the number of levels of this place that you've seen.
                   A       B       C       D       E      F
               +-------+-------+-------+-------+-------+----------------------
         Total | 100.0 | 100.0 |   9.7 |   0.0 |   0.0 | 179.0
       Dungeon | 100.0 | 100.0 |   9.7 |   0.0 |   0.0 | 179.0
               +-------+-------+-------+-------+-------+----------------------

Table legend:
 A = Kills in this place as a percentage of kills in entire the game.
 B = Kills by you in this place as a percentage of kills by you in the entire game.
 C = Kills by friends in this place as a percentage of kills by friends in the entire game.
 D = Other kills in this place as a percentage of other kills in the entire game.
 E = Experience gained in this place as a percentage of experience gained in the entire game.
 F = Experience gained in this place divided by the number of levels of this place that you have seen.
                   A       B       C       D       E      F
               +-------+-------+-------+-------+-------+----------------------
         Total | 100.0 | 100.0 |   N/A |   N/A | 100.0 | 217.2
       Dungeon | 100.0 | 100.0 |   N/A |   N/A | 100.0 | 217.2
               +-------+-------+-------+-------+-------+----------------------

Vault maps used:
D:1:      dpeg_cavernosity, minmay_pentomino_q2
D:2:      marbit_many_paths, uniq_sigmund, uniq_terence, uniq_natasha
D:3:      lemuel_crystal_altar, amethyst_overflow_temple_binary,
          okawaru_gym_becter, uniq_ijyb, uniq_crazy_yiuf_cottage
D:4:      first_bread, serial_shops, nicolae_shop_overgrown_old_shop,
          uniq_grinder, uniq_robin
D:5:      kb_xom_exploding_sheep, nicolae_overflow_crystal_walls, basic_altar,
          minmay_holes
D:6:      serial_shops, kennysheep_little_box, shop_fountains, shop_statue,
          dk_vineyard_1
